 Dungeon Crawl Stone Soup version 0.27-a0-522-g46bbb28828 (webtiles) character file.

Game seed: 16576883080847897297

2020 Anon1729 the Cleaver (level 9, -3/75 HPs)
             Began as a Ghoul Fighter on Mar 5, 2021.
             Was a Follower of Makhleb.
             Slain by a troll (7 damage)
             ... on level 7 of the Dungeon.
             The game lasted 00:10:51 (8443 turns).

Anon1729 the Cleaver (Ghoul Fighter)                Turns: 8443, Time: 00:10:52

Health: -3/75      AC: 13    Str: 22    XL:     9   Next: 23%
Magic:  17/17      EV:  7    Int:  4    God:    Makhleb [*.....]
Gold:   172        SH: 14    Dex:  8    Spells: 8/8 levels left

rFire    + . .     SeeInvis .   a - +0 war axe
rCold    + + .     Faith    .   c - +0 kite shield
rNeg     + + +     Spirit   .   H - +2 scale mail {rF+}
rPois    ∞         Reflect  +   (no helmet)
rElec    .         Harm     .   u - +0 cloak
rCorr    .         Rampage  .   r - +2 pair of gloves
Will     .....                  (no boots)
Stlth    ..........             f - amulet of reflection
HPRegen  0.00/turn              g - ring of protection from cold
MPRegen  0.15/turn              o - ring of magical power

@: no status effects
A: claws 1, cold resistance 1, negative energy resistance 3, inhibited
regeneration, torment resistance, unbreathing 1
a: Renounce Religion


You were on level 7 of the Dungeon.
You worshipped Makhleb.
Makhleb was aware of your devotion.
You visited 2 branches of the dungeon, and saw 8 of its levels.

You collected 316 gold pieces.
You spent 144 gold pieces at shops.

Inventory:

Hand Weapons
 a - a +0 war axe (weapon)
 E - a +0 broad axe
Armour
 b - a +0 scale mail
 c - a +0 kite shield (worn)
 q - a +0 chain mail
 r - a +2 pair of gloves (worn)
 u - a +0 cloak (worn)
 H - a +2 scale mail of fire resistance (worn)
Jewellery
 f - an amulet of reflection (around neck)
 g - a ring of protection from cold (left hand)
 o - a ring of magical power (right hand)
 x - a ring of see invisible
Wands
 s - a wand of random effects (16)
 y - a wand of iceblast (18)
 C - a wand of flame (11)
 I - a wand of digging (4)
Scrolls
 h - 2 scrolls of teleportation {unknown}
 k - 4 scrolls of enchant armour {unknown}
 l - 6 scrolls of enchant weapon {unknown}
 m - 2 scrolls of random uselessness {unknown}
 v - 6 scrolls of identify {unknown}
 w - a scroll of magic mapping {unknown}
 B - a scroll of amnesia {unknown}
 F - 2 scrolls of blinking {unknown}
Potions
 d - 2 potions of might
 e - a potion of lignification {unknown}
 i - 4 potions of mutation {unknown}
 j - a potion of brilliance {unknown}
 n - 3 potions of curing {unknown}
 p - 3 potions of haste {unknown}
 t - 2 potions of ambrosia {unknown}
 z - 2 potions of cancellation {unknown}
 A - a potion of heal wounds {unknown}
 D - a potion of resistance {unknown}
 G - a potion of magic {unknown}


   Skills:
 + Level 6.2 Fighting
 * Level 8.6 Axes
 + Level 5.2 Armour
 * Level 3.6 Shields
 + Level 0.6 Invocations


You had 8 spell levels left.
You didn't know any spells.
Your spell library was empty.

Dungeon Overview and Level Annotations

Branches:
Dungeon (7/15)             Temple (1/1) D:4

Altars:
Ashenzari
Dithmenos
Elyvilon
Fedhas
Hepliaklqana
Kikubaaqudgha
Makhleb
Nemelex Xobeh
Okawaru
Sif Muna
Trog
Wu Jian
Zin

Shops:
D:6 *

Annotations:
D:4 3 runed translucent doors, kae's ghost, novice DsTm


Innate Abilities, Weirdness & Mutations

You thrive by killing the living.
You are immune to poison.
You have sharp fingernails.
Your flesh is cold resistant. (rC+)
You are immune to negative energy. (rN+++)
You do not regenerate when monsters are visible.
You are immune to unholy pain and torment.
You can survive without breathing.


Message History

You block the troll's attack. The troll claws you.
The troll claws you but does no damage.
You slash the troll!
The troll is almost dead.
You block the troll's attack. The troll claws you.
The troll claws you but does no damage.
Your scale mail prevents you from hitting the troll.
The troll is almost dead.
You block the troll's attack. The troll claws you!
You block the troll's attack.
You completely miss the troll.
The troll is severely wounded.
The troll bites you. You block the troll's attack. The troll barely misses you.
You block the troll's attack. The troll claws you but does no damage.
The troll completely misses you.
You hit the troll.
The troll is almost dead.
You block the troll's attack. The troll claws you but does no damage.
You block the troll's attack.
You closely miss the troll.
The troll is almost dead.
The troll barely misses you. You block the troll's attack. The troll claws you.
You hit the troll.
The troll is almost dead.
The troll bites you! You block the troll's attack. x2
You are too injured to fight recklessly!
You barely miss the troll.
The troll is almost dead.
You block the troll's attack. x3; The troll bites you.
* * * LOW HITPOINT WARNING * * *
The troll claws you.
* * * LOW HITPOINT WARNING * * *
The troll closely misses you.
Unknown command.
You barely miss the troll.
The troll is almost dead.
The troll bites you!
* * * LOW HITPOINT WARNING * * *
The troll claws you!
You die...

.... ###.... .
... ##..:(...
.. ............
...#...........
#.....#........
........$....
#.†.T......
#.@.......
...............
...#...........
. .............
..............$
..............#
##...##........
#..# #........
.


You could see a troll.

Vanquished Creatures
  Sigmund (D:2)
  Edmund (D:6)
  Duvessa (Temple)
  An ogre (D:6)
  Blork the orc (D:6)
  2 bullfrogs
  A gnoll sergeant (D:3)
  Dowan (Temple)
  A killer bee (D:6)
  5 gnoll shamans
  A jelly (D:6)
  Crazy Yiuf (D:4)
  2 hounds
  A bullfrog skeleton (D:7)
  2 orc priests (D:4)
  3 iguanas
  An orc wizard (D:4)
  5 worker ants
  A hound zombie (D:5)
  A hound skeleton (D:4)
  A howler monkey skeleton (D:7)
  43 gnolls
  3 adders (D:2)
  2 shadow imps
  An ufetubus (D:6)
  2 worms
  6 dart slugs
  4 leopard geckos
  12 orcs
  6 bats
  3 giant cockroaches
  3 goblins
  3 hobgoblins
  15 jackals (D:3)
  7 kobolds
  7 quokkas
  6 frilled lizards
  4 rats
161 creatures vanquished.

Vanquished Creatures (others)
  A plant (D:3)
1 creature vanquished.

Grand Total: 162 creatures vanquished

Notes
Turn   | Place    | Note
-------+----------+-------------------------------------------
     0 | D:1      | Anon1729 the Ghoul Fighter began the quest for the Orb.
     0 | D:1      | Reached XP level 1. HP: 19/19 MP: 0/0
    62 | D:1      | Reached skill level 2 in Axes
   104 | D:1      | Reached XP level 2. HP: 26/26 MP: 1/1
   789 | D:2      | Reached skill level 3 in Axes
   829 | D:2      | Reached XP level 3. HP: 20/31 MP: 2/2
  1463 | D:2      | Reached XP level 4. HP: 36/38 MP: 3/3
  1492 | D:2      | Reached skill level 4 in Axes
  1932 | D:2      | Noticed Sigmund
  1944 | D:2      | Killed Sigmund
  1945 | D:2      | Reached skill level 5 in Axes
  1945 | D:2      | Reached XP level 5. HP: 21/45 MP: 4/4
  1945 | D:2      | Reached XP level 6. HP: 24/51 MP: 5/5
  2352 | D:3      | Reached skill level 6 in Axes
  3292 | D:3      | Reached XP level 7. HP: 58/58 MP: 6/6
  4464 | D:3      | Reached skill level 7 in Axes
  4603 | D:3      | Reached XP level 8. HP: 67/67 MP: 7/7
  5437 | D:4      | Found a staircase to the Ecumenical Temple.
  5439 | D:4      | Noticed Duvessa
  5439 | D:4      | Noticed Dowan
  5450 | Temple   | Entered the Ecumenical Temple
  5531 | Temple   | Became a worshipper of Makhleb the Destroyer
  5618 | Temple   | Killed Duvessa
  5619 | Temple   | Reached skill level 5 in Fighting
  5707 | Temple   | Killed Dowan
  5758 | D:4      | Found a runed translucent gate.
  5759 | D:4      | Found a runed translucent gate.
  5760 | D:4      | Found a runed translucent gate.
  5760 | D:4      | Noticed kae's ghost (novice DsTm)
  5867 | D:4      | Found a runed translucent door.
  5868 | D:4      | Noticed Crazy Yiuf
  5990 | D:4      | Found an iron altar of Okawaru.
  6203 | D:4      | Found a hazy altar of Hepliaklqana.
  6496 | D:4      | Killed Crazy Yiuf
  6595 | D:5      | Entered Level 5 of the Dungeon
  6658 | D:5      | Found a sparkling altar of Nemelex Xobeh.
  6904 | D:5      | Reached skill level 8 in Axes
  6917 | D:5      | Reached * piety under Makhleb
  6999 | D:5      | Identified the +3 ring mail "Opie" {rC+ rN+}
  7451 | D:6      | Found Pisaut's Assorted Antiques.
  7457 | D:6      | Bought a scroll labelled WEFAUM BOPETE for 26 gold pieces
  7457 | D:6      | Bought a scroll labelled WEFAUM BOPETE for 26 gold pieces
  7457 | D:6      | Bought a grey potion for 23 gold pieces
  7457 | D:6      | Bought a dark potion for 23 gold pieces
  7457 | D:6      | Bought 2 emerald potions for 46 gold pieces
  7523 | D:6      | Noticed Blork the orc
  7538 | D:6      | Killed Blork the orc
  7662 | D:6      | Noticed Edmund
  7682 | D:6      | Killed Edmund
  7683 | D:6      | Reached skill level 5 in Armour
  7683 | D:6      | Reached XP level 9. HP: 74/75 MP: 8/8
  8417 | D:7      | Noticed a troll
  8443 | D:7      | Slain by a troll

Illustrated notes

Levels and vault maps discovered:
D:1:      lightli_iron_boxes, layout_loops_ring, patterned_corridor
D:2:      layout_loops_corners, uniq_sigmund
D:3:      lemuel_castle_with_subvaults [lemuel_castle_interior_carwin_1],
          layout_basic, minmay_ruptured
D:4:      layout_loops_corners, kennysheep_mini_moat,
          nzn_hepliaklqana_mist_gate, minmay_temple_entry_wispy,
          gammafunk_ghost_split, st_stairs_13, uniq_duvessa,
          uniq_crazy_yiuf_cottage
D:5:      layout_loops_ring, kennysheep_little_box, lemuel_round_altar
D:6:      layout_loops_ring, serial_shops, shop, uniq_edmund, uniq_blork_the_orc
D:7:      layout_cave_pools, nicolae_ossuary_entry_ruins, basic_altar,
          uniq_maggie
Temple:   dpeg_five_rooms_temple

Skill      XL: |  1  2  3  4  5  6  7  8 |
---------------+-------------------------+-----
Axes           | 2 3 5 6 7 8 |  8.6
Armour         | 3 5 |  5.2
Fighting       | 4 6 |  6.2
Shields        | 3 |  3.6
Invocations    | |  0.6

Action                   |  1- 3 |  4- 6 |  7- 9 || total
-------------------------+-------+-------+-------++-------
Melee: War axe           |    68 |   129 |   399 ||   596
       Broad axe         |       |       |   111 ||   111
  Use: Potion            |       |     2 |       ||     2
 Stab: Invisible         |       |     1 |       ||     1
Armor: Scale mail        |    22 |    45 |    87 ||   154
       Chain mail        |       |       |   101 ||   101
Dodge: Dodged            |    19 |    29 |   118 ||   166
Block: Kite shield       |    59 |   110 |   400 ||   569
       Reflection        |     1 |     1 |     1 ||     3

Table legend: (Time is in decaauts)
 A = Elapsed time spent in this place.
 B = Non-inter-level travel time spent in this place.
 C = Inter-level travel time spent in this place.
 D = Time resting spent in this place.
 E = Time spent auto-exploring this place.
 F = Levels seen in this place.
 G = Mean time per level.
                   A        B        C        D        E       F      G
               +--------+--------+--------+--------+--------+-----+--------+
         Total |   8759 |   8440 |    319 |   1444 |   5153 |   8 | 1094.9 |
       Dungeon |   8462 |   8192 |    270 |   1424 |   5079 |   7 | 1208.9 |
        Temple |    297 |    248 |     49 |     20 |     74 |   1 |  297.0 |
               +--------+--------+--------+--------+--------+-----+--------+

Top non-repeatable levels by time:
     D:3: 2383 daAuts
     D:2: 1836 daAuts
     D:4: 1228 daAuts
     D:6: 1182 daAuts
     D:1: 1090 daAuts
     D:5: 711 daAuts
  Temple: 297 daAuts
     D:7: 28 daAuts
